 Dungeon Crawl Stone Soup version 0.32-a0-607-g64ea0e4219 (webtiles) character file.

Game seed: 11346296213934417185

2807 Armakuni the Mimic (level 9, -3/69 HPs)
             Began as a Pale Draconian Shapeshifter on Mar 3, 2024.
             Was a Priest of Wu Jian.
             Hit by a large rock thrown by a cyclops (29 damage)
             ... on level 7 of the Dungeon.
             The game lasted 00:19:17 (7395 turns).

Armakuni the Mimic (Pale Draconian Shapeshifter)    Turns: 7395, Time: 00:19:17

Health: -3/69      AC: 10    Str: 16    XL:     9   Next: 44%
Magic:  9/9        EV: 16    Int: 15    God:    Wu Jian [***...]
Gold:   278        SH:  0    Dex: 11    Spells: 8/8 levels left

rFire   + .          .
                       - Unarmed
rCold   . . .        (shield currently unavailable)
rNeg    . . .        (body armour unavailable)
rPois   .            (helmet restricted)
rElec   .            h - +1 cloak of Hedging {Stlth+}
rCorr   .            x - +0 pair of gloves
SInv    .            (no boots)
Will    .....        (no amulet)
Stlth   +            F - ring of protection from fire
HPRegen 0.31/turn    (no ring)
MPRegen 0.11/turn

%: no passive effects
@: flux-form, glowing
A: glow, contaminating, steam breath, AC +7, unfitting armour, cold-blooded,
steam resistance
a: Steam Breath, Begin Untransformation, Renounce Religion, Wall Jump, Serpent's
Lash


You were on level 7 of the Dungeon.
You worshipped Wu Jian.
Wu Jian was most pleased with you.
You were something dangerously unstable.
You visited 2 branches of the dungeon, and saw 8 of its levels.

You collected 278 gold pieces.

Inventory:

Missiles
 i - a throwing net (quivered)
Armour
 h - the +1 cloak of Hedging (worn) {Stlth+}
   (You found it on level 2 of the Dungeon)

   Stlth+:    It makes you more stealthy.
 l - a scarf of invisibility
 x - a +0 pair of gloves (worn)
Jewellery
 F - a ring of protection from fire (left hand)
Talismans
 c - a flux talisman (active)
 f - a maw talisman
Wands
 r - a wand of roots (1)
 y - a wand of flame (14)
Scrolls
 b - a scroll of amnesia
 e - a scroll of poison
 g - a scroll of enchant armour
 k - a scroll of fog
 m - 2 scrolls of immolation
 n - 3 scrolls of revelation
 o - a scroll of butterflies
 p - a scroll of brand weapon
 q - a scroll of fear {unknown}
 s - a scroll of noise {unknown}
 t - a scroll of acquirement {unknown}
Potions
 a - a potion of degeneration {unknown}
 j - a potion of curing {unknown}
 u - a potion of enlightenment {unknown}
 v - a potion of heal wounds {unknown}
 w - 2 potions of berserk rage {unknown}
 z - a potion of mutation {unknown}


   Skills:
 - Level 3.0 Fighting
 - Level 1.7 Dodging
 + Level 8.2 Unarmed Combat
 - Level 10.0 Shapeshifting


You had 8 spell levels left.
You didn't know any spells.
Your spell library contained the following spells:

 Spells                   Type           Power      Damage    Failure   Level
 Summon Small Mammal      Summ           0%         N/A       26%         1
 Ensorcelled Hibernation  Hex/Ice        0%         N/A       38%         2
 Call Canine Familiar     Summ           0%         N/A       63%         3
 Dazzling Flash           Conj/Hex       0%         N/A       63%         3
 Inner Flame              Hex/Fire       0%         N/A       63%         3
 Passwall                 Erth           0%         N/A       63%         3
 Stone Arrow              Conj/Erth      0%         3d7       63%         3
 Swiftness                Air            0%         N/A       63%         3
 Volatile Blastmotes      Fire/Tloc      0%         2d10      63%         3
 Summon Blazeheart Golem  Fire/Summ      0%         N/A       95%         4
 Irradiate                Conj/Alch      0%         3d11      100%        5
 Starburst                Conj/Fire      0%         6d3       100%        6
 Ignition                 Fire           0%         3d3       100%        8
 Lehudib's Crystal Spear  Conj/Erth      0%         10d2      100%        8
 Maxwell's Capacitive Co  Air            0%         ∞         100%        8
 Animate Armour           Summ/Erth      Unusable   N/A       N/A         4

Dungeon Overview and Level Annotations

Branches:
Dungeon (7/15)             Temple (1/1) D:7

Altars:
Cheibriados
Dithmenos
Elyvilon
Fedhas
Hepliaklqana
Kikubaaqudgha
Makhleb
Okawaru
Qazlal
Ru
Sif Muna
Trog
Uskayaw
Vehumet
Wu Jian
Xom
Yredelemnul
Zin
The Shining One

Shops:
D:7 ([


Innate Abilities, Weirdness & Mutations

You are something dangerously unstable.
You glow with magical radiation, making you easy to see and hit.
Foes you strike become dangerously contaminated with magical radiation.
You are incapable of wielding weapons or throwing items.
You can breathe blasts of scalding, opaque steam.
Your pale cyan-grey scales are hard. (AC +7)
You cannot fit into any form of body armour.
You are cold-blooded and may be slowed by cold attacks.
You are immune to the effects of steam.


Message History

The slime creature is heavily wounded.
The slime creature hits you.
You punch the slime creature!
The slime creature glows dangerously bright.
You tail-slap the slime creature.
The slime creature is severely wounded.
The slime creature hits you.
You hit the slime creature.
The slime creature shudders as magic cascades through it!!
You kill the slime creature!
The Council accepts your kill.
Training target 10.0 for Shapeshifting reached!
Your Unarmed Combat skill increases to level 8!
Your Shapeshifting skill increases to level 10!
Aiming: Fastroot
Press: ? - help, Shift-Dir - straight line, f - cyclops
Aim: a cyclops, quivering large rocks
Okay, then.
As you read the scroll of immolation, it crumbles to dust.
The creatures around you are filled with an inner flame!
The cyclops throws a large rock.
The large rock hits you!!
Aiming: Fastroot
Press: ? - help, Shift-Dir - straight line, f - cyclops
Aim: a cyclops, quivering large rocks (inner flame)
The roots erupt in riotous growth!
Roots grab the cyclops.
The grasping roots constrict the cyclops!
Flame seeps out of the cyclops.
You hear a shout!
Aiming: Throw Flame
Press: ? - help, Shift-Dir - straight line, f/p - cyclops
Aim: a cyclops, quivering large rocks (flame, lightly wounded, inner flame, constricted by roots, 100% to hit)
The puff of flame hits the cyclops.
Flame seeps out of the cyclops.
The cyclops is lightly wounded.
The grasping roots constrict the cyclops.
Flame seeps out of the cyclops.
The cyclops is engulfed in blazing flames.
Flame seeps out of the cyclops.
The cyclops throws a large rock.
The large rock hits you!!
You die...

.#.##..........#.##############
##.'[..#.......................
.#.##..#.........##.##.#######.
.#_≈#.#..#.#..###....#.#Py .P#
.####.#..#....)..#.##..#.#+#C#
..##.....####.#...####.#.#$#.#
.#.......#.#.#.##.###..#.###.#
.##...##.##.(##.####...#P...P#
..#....#..#.....p..###.###'###..#
..#...##..####.)..#C.#.C........#
.........#.####..#.##.##.###.#..#
##.............[#.#..#..[# #.. #
......#...###.##.#.#####..# #.#
....P...........#..# . .#.# .#
..P∩P.....##.###...# [## .# #
..PPP............#####.. ..
#........###'###.#.#.#.# #####


You could see a cyclops (inner flame, rooted).

Vanquished Creatures
  2 slime creatures (D:7)
  Sigmund (D:5)
  Eustachio (D:6)
  An acid dragon (D:7)
  2 sky beasts
  An ice beast (D:7)
  An orc warrior (D:7)
  3 ogres
  A centaur (D:6)
  A bullfrog (D:6)
  6 scorpions
  A crimson imp (D:5)
  2 hounds (D:6)
  A jelly (D:4)
  4 orc priests
  3 bombardier beetles
  A sleepcap (D:7)
  2 iguanas
  4 orc wizards
  Robin (D:3)
  15 gnolls
  8 adders
  A white imp (D:5)
  An ufetubus (D:7)
  2 dart slugs
  4 ribbon worms
  35 orcs
  4 ball pythons
  5 endoplasms
  2 giant cockroaches (D:2)
  26 goblins
  10 hobgoblins
  10 jackals
  15 kobolds
  3 quokkas
  3 bats
  6 frilled lizards
  7 rats
196 creatures vanquished.

Notes
Turn   | Place    | Note
-------+----------+-------------------------------------------
     0 | D:1      | Armakuni the Draconian Shapeshifter began the quest for the
                  | Orb.
     0 | D:1      | Reached XP level 1. HP: 16/16 MP: 1/1
   259 | D:1      | Reached XP level 2. HP: 23/23 MP: 2/2
   847 | D:1      | Reached skill level 4 in Shapeshifting
   936 | D:1      | Reached XP level 3. HP: 28/28 MP: 3/3
  1216 | D:2      | Reached XP level 4. HP: 32/35 MP: 4/4
  1268 | D:2      | Identified the +1 cloak of Hedging {Stlth+}
  1578 | D:2      | Reached skill level 5 in Shapeshifting
  1865 | D:3      | Noticed Robin
  1985 | D:2      | Reached XP level 5. HP: 38/40 MP: 5/5
  1998 | D:3      | Killed Robin
  2230 | D:3      | Found a faded altar of an unknown god.
  2299 | D:3      | Found an ornate altar of the Wu Jian Council.
  2303 | D:3      | Became a worshipper of the Wu Jian Council
  3013 | D:4      | Found a blossoming altar of Fedhas.
  3016 | D:4      | Found a stormy altar of Qazlal.
  3052 | D:4      | HP: 1/40 [ribbon worm (6)]
  3185 | D:4      | Found a glowing golden altar of the Shining One.
  3309 | D:4      | Reached skill level 6 in Shapeshifting
  3460 | D:4      | Reached XP level 6. HP: 16/47 MP: 6/6
  3620 | D:4      | Reached * piety under Wu Jian
  4343 | D:5      | Entered Level 5 of the Dungeon
  4438 | D:4      | Reached skill level 7 in Shapeshifting
  4622 | D:5      | Reached ** piety under Wu Jian
  4789 | D:5      | Found a burning altar of Makhleb.
  4790 | D:5      | Found a shimmering altar of Xom.
  4794 | D:5      | Your scales start taking on a pale cyan-grey colour.
  4794 | D:5      | Reached XP level 7. HP: 53/56 MP: 7/7
  4794 | D:5      | Gained mutation: You are immune to the effects of steam.
                  | [Pale Draconian growth]
  5132 | D:5      | Found a white marble altar of Elyvilon.
  5290 | D:5      | Noticed Sigmund
  5295 | D:5      | Killed Sigmund
  5349 | D:5      | Found a snail-covered altar of Cheibriados.
  5798 | D:6      | Reached skill level 8 in Shapeshifting
  5798 | D:6      | Reached XP level 8. HP: 48/63 MP: 8/8
  5857 | D:6      | Noticed Eustachio
  5896 | D:6      | Killed Eustachio
  5897 | D:6      | Reached skill level 5 in Unarmed Combat
  6201 | D:6      | Reached skill level 9 in Shapeshifting
  6251 | D:6      | Found a glowing silver altar of Zin.
  6566 | D:7      | Found a staircase to the Ecumenical Temple.
  6582 | Temple   | Entered the Ecumenical Temple
  6755 | D:7      | Reached XP level 9. HP: 51/69 MP: 9/9
  6862 | D:7      | Found Plog's Antique Armour Emporium.
  6936 | D:7      | Found Iphiux's Antique Weapon Boutique.
  6970 | D:7      | Found a sacrificial altar of Ru.
  7012 | D:7      | Found a bloodstained altar of Trog.
  7012 | D:7      | Found a hide-covered altar of Uskayaw.
  7214 | D:7      | Noticed a kobold demonologist
  7216 | D:7      | Noticed a soul eater
  7310 | D:7      | Reached *** piety under Wu Jian
  7374 | D:7      | Noticed a cyclops
  7388 | D:7      | Reached skill level 10 in Shapeshifting
  7395 | D:7      | Hit by a large rock thrown by a cyclops

Illustrated notes

Levels and vault maps discovered:
D:1:      minmay_arrival_loop, layout_basic
D:2:      layout_loops_ring, kennysheep_doodads
D:3:      layout_basic, mainiacjoe_overflow_six_doors_small,
          ebering_ecumenical_altar_abandoned, uniq_robin
D:4:      corexii_shantytown, layout_rooms, kennysheep_mini,
          lemuel_crystal_altar, overflow_temple_1_default,
          dreamdust_princess_corridor, minmay_surrounded
D:5:      layout_cave_pods, grunt_temple_overflow_champion_of_chaos,
          elyvilon_altar_1, nicolae_overflow_crystal_walls,
          kennysheep_opposing_triangles, uniq_sigmund
D:6:      layout_basic, zin_academy, uniq_eustachio
D:7:      layout_cave_pools, gammafunk_temple_overflow_elements,
          nicolae_ru_path_of_blood, minmay_temple_entry_grid, serial_shops,
          nicolae_shop_overgrown_old_shop, shop, serial_bayou_pond_a,
          minmay_shattered_shrine
Temple:   hellmonk_temple_of_storms

Skill      XL: |  1  2  3  4  5  6  7  8  9 |
---------------+----------------------------+-----
Shapeshifting  | 4 5 6 7 8 9 10 | 10.0
Fighting       | 2 3 |  3.0
Unarmed Combat | 4 7 8 |  8.2
Dodging        | |  1.7

Action                     |  1- 3 |  4- 6 |  7- 9 || total
---------------------------+-------+-------+-------++-------
  Melee: Unarmed           |   116 |   340 |   209 ||   665
         Tailslap          |    11 |    41 |    25 ||    77
         Punch             |     3 |     8 |       ||    11
  Throw: Throwing net      |       |     1 |       ||     1
Ability: Lunge             |       |    12 |    11 ||    23
         Whirlwind         |       |     5 |     4 ||     9
         Steam Breath      |       |       |     5 ||     5
  Evoke: Wand              |       |     4 |     3 ||     7
    Use: Scroll            |     3 |     5 |     6 ||    14
         Potion            |     1 |     5 |       ||     6
 Armour: Skin              |    67 |   182 |   102 ||   351
  Dodge: Dodged            |    64 |   204 |   149 ||   417
         Form:             |     1 |       |       ||     1
         Beast             |     1 |       |       ||     1
         Flux              |       |     1 |       ||     1

Table legend: (Time is in decaauts)
 A = Elapsed time spent in this place.
 B = Non-inter-level travel time spent in this place.
 C = Inter-level travel time spent in this place.
 D = Time resting spent in this place.
 E = Time spent auto-exploring this place.
 F = Levels seen in this place.
 G = Mean time per level.
                   A        B        C        D        E       F      G
               +--------+--------+--------+--------+--------+-----+--------+
         Total |   7360 |   7162 |    198 |   1301 |   4116 |   8 |  920.0 |
       Dungeon |   7358 |   7160 |    198 |   1301 |   4116 |   7 | 1051.1 |
        Temple |      1 |      1 |      0 |      0 |      0 |   1 |    1.0 |
               +--------+--------+--------+--------+--------+-----+--------+

Top non-repeatable levels by time:
     D:4: 1488 daAuts
     D:5: 1140 daAuts
     D:3: 1088 daAuts
     D:1: 1048 daAuts
     D:2: 923 daAuts
     D:7: 849 daAuts
     D:6: 820 daAuts
  Temple: 1 daAuts
